 Dungeon Crawl Stone Soup version 0.31-a0-145-g046c7d2549 (webtiles) character file.

Game seed: 15722260951579516494

126401 Dirtsage the Severer (level 16, -20/129 HPs)
             Began as a Demonspawn Berserker on May 22, 2023.
             Was a High Priest of Trog.
             Blown up by an orb spider (40 damage)
             ... with an orb of destruction
             ... on level 1 of the Spider Nest on June 6, 2023.
             The game lasted 01:12:23 (24117 turns).

Dirtsage the Severer (Demonspawn Berserker)        Turns: 24117, Time: 01:12:23

Health: -20/129    AC: 24    Str: 27    XL:     16   Next: 43%
Magic:  16/16      EV: 12    Int: 10    God:    Trog [*****.]
Gold:   1914       SH: 23    Dex: 15    Spells: 15/15 levels left

rFire   . . .        T - +2 war axe (heavy)
rCold   + + .        e - +0 kite shield
rNeg    . . .        y - +1 storm dragon scales "Wucib" {+Blink rElec rC+ Int+2}
rPois   +            (helmet unavailable)
rElec   +            v - +0 cloak {rC+}
rCorr   .            V - +0 pair of gloves {Str+3}
SInv    .            X - +0 pair of boots "Areucibo" {Slay+5}
Will    +....        n - amulet of reflection Stlth
                     S - +4 ring of protection
HPRegen 4.41/turn    P - ring of poison resistance
MPRegen 0.15/turn

%: reflection
@: lethally poisoned (-20 -> -20), contaminated, glowing
A: horns 3, large bone plates 2, demonic guardian 2, powered by death 2
a: Renounce Religion, Evoke Blink, Berserk, Trog's Hand, Brothers in Arms


You were on level 1 of the Spider Nest.
You worshipped Trog.
Trog was extremely pleased with you.
You visited 5 branches of the dungeon, and saw 24 of its levels.
You visited the Abyss 1 time.
You also visited: Sewer, Bailey, Gauntlet, Ice Cave and Volcano.

You collected 2993 gold pieces.
You spent 1079 gold pieces at shops.

Inventory:

Hand Weapons
 j - a +0 broad axe
 E - a +4 battleaxe of freezing
 M - a +3 executioner's axe of flaming
 T - a +2 heavy war axe (weapon)
Missiles
 a - 10 curare-tipped darts (quivered)
Armour
 e - a +0 kite shield (worn)
 s - a +4 chain mail of fire resistance
 v - a +0 cloak of cold resistance (worn)
 y - the +1 storm dragon scales "Wucib" (worn) {+Blink rElec rC+ Int+2}
   (You found it in a bailey)

   Int:       It affects your intelligence (+2).
   rC:        It protects you from cold.
   rElec:     It insulates you from electricity.
   +Blink:    It lets you blink.
 F - a +2 tower shield of cold resistance
 V - a +0 pair of gloves of strength (worn)
 X - the +0 pair of boots "Areucibo" (worn) {Slay+5}
   (You found it in a Gauntlet)

   Slay:      It affects your accuracy & damage with ranged weapons and melee
   (+5).
Jewellery
 n - an amulet of reflection (around neck)
 A - an amulet of regeneration
 C - a ring of resist corrosion
 I - a ring of protection from cold
 L - the ring of Gaonlol {rC+ Str+3}
   (You took it off a reaper in an ice cave)

   [ring of protection from cold]

   Str:       It affects your strength (+3).
   rC:        It protects you from cold.
 P - a ring of poison resistance (right hand)
 S - a +4 ring of protection (left hand)
Wands
 u - a wand of flame (44)
 D - a wand of digging (21)
 N - a wand of acid (5)
Scrolls
 g - 3 scrolls of fear
 i - a scroll of identify
 k - 2 scrolls of fog
 m - 3 scrolls of torment
 o - 5 scrolls of enchant weapon
 p - 2 scrolls of enchant armour
 t - 12 scrolls of teleportation
 w - a scroll of silence
 B - 3 scrolls of blinking
 G - 2 scrolls of vulnerability
 H - a scroll of immolation
 Q - a scroll of magic mapping
 W - a scroll of summoning
Potions
 b - a potion of cancellation
 c - a potion of brilliance
 d - 5 potions of might
 h - 3 potions of haste
 l - 8 potions of heal wounds
 q - 9 potions of curing
 r - 6 potions of enlightenment
 x - a potion of mutation
 z - 3 potions of attraction
 J - 3 potions of berserk rage
 K - 2 potions of invisibility
 R - 2 potions of lignification
 U - a potion of magic
Miscellaneous
 f - a lightning rod (4/4)
 O - a phantom mirror
 Y - a phial of floods
 Z - a tin of tremorstones (2/2)


   Skills:
 - Level 12.9 Fighting
 - Level 16.0 Axes
 - Level 11.7 Armour
 - Level 7.8 Dodging
 + Level 12.1 Shields
 - Level 9.5 Evocations


You had 15 spell levels left.
You didn't know any spells.
Your spell library contained the following spells:

 Spells                   Type           Power      Damage    Failure   Level
 Freeze                   Ice            0%         1d3       94%         1
 Summon Small Mammal      Summ           0%         N/A       94%         1
 Ensorcelled Hibernation  Hex/Ice        0%         N/A       98%         2
 Lesser Beckoning         Tloc           0%         N/A       98%         2
 Passwall                 Tmut/Erth      0%         N/A       98%         2
 Poisonous Vapours        Pois/Air       0%         N/A       98%         2
 Scorch                   Fire           0%         2d5       98%         2
 Call Canine Familiar     Summ           0%         N/A       100%        3
 Dazzling Flash           Conj/Hex       0%         N/A       100%        3
 Frozen Ramparts          Ice            0%         1d1       100%        3
 Gell's Gravitas          Tloc           0%         N/A       100%        3
 Hailstorm                Conj/Ice       0%         3d3       100%        3
 Mephitic Cloud           Conj/Pois/Air  0%         N/A       100%        3
 Ozocubu's Armour         Ice            0%         N/A       100%        3
 Summon Guardian Golem    Hex/Summ       0%         N/A       100%        3
 Swiftness                Air            0%         N/A       100%        3
 Teleport Other           Tloc           0%         N/A       100%        3
 Volatile Blastmotes      Fire/Tloc      0%         2d10      100%        3
 Animate Dead             Necr           0%         N/A       100%        4
 Flame Wave               Conj/Fire      0%         2d4       100%        4
 Iskenderun's Mystic Bla  Conj/Tloc      0%         2d3       100%        4
 Leda's Liquefaction      Hex/Erth       0%         N/A       100%        4
 Passage of Golubria      Tloc           0%         N/A       100%        4
 Borgnjor's Vile Clutch   Necr/Erth      0%         N/A       100%        5
 Freezing Cloud           Conj/Ice/Air   0%         6-21      100%        5
 Lee's Rapid Deconstruct  Erth           0%         3d4*      100%        5
 Silence                  Hex/Air        0%         N/A       100%        5
 Death Channel            Necr           0%         N/A       100%        6
 Leda's Unmaking          Conj/Erth      0%         9d1       100%        6
 Starburst                Conj/Fire      0%         6d3       100%        6
 Statue Form              Tmut/Erth      0%         N/A       100%        6
 Summon Cactus Giant      Summ           0%         N/A       100%        6
 Ozocubu's Refrigeration  Ice            0%         4d7       100%        7
 Borgnjor's Revivificati  Necr           0%         N/A       100%        8
 Lehudib's Crystal Spear  Conj/Erth      0%         10d2      100%        8
 Necromutation            Tmut/Necr      0%         N/A       100%        8
 Death's Door             Necr           0%         N/A       100%        9


Dungeon Overview and Level Annotations

Branches:
Dungeon (15/15)            Temple (1/1) D:5            Lair (5/5) D:11
 Shoals (0/4) Lair:2       Spider (1/4) Lair:3        Slime (0/5) Lair:4
    Orc (2/2) D:12            Elf (0/3) Orc:2        Vaults (0/5) D:14
 Depths (0/4) D:15          Sewer (visited)          Bailey (visited)
  IceCv (visited)         Volcano (visited)         Gauntlet (visited)

Altars:
Ashenzari
Cheibriados
Dithmenos
Fedhas
Gozag
Hepliaklqana
Kikubaaqudgha
Makhleb
Nemelex Xobeh
Okawaru
Qazlal
Ru
Sif Muna
Trog
Uskayaw
Vehumet
Wu Jian
Xom
Yredelemnul
Lugonu

Shops:
D:4 !   D:6 :   D:8 [   D:10 !   D:13 [   Orc:2 ([*=

Portals:
Abyss: Lair:5

Annotations:
Lair:2 exclusion: oklob plant


Innate Abilities, Weirdness & Mutations

You have a pair of large horns on your head.
You are mostly covered in large bone plates. (SH +6)
A demonic guardian rushes to your aid.
You regenerate health from kills.


Message History

You block the radroach's attack. x2
You take 2 damage, and have 103/129 hp.
You slice the radroach!!
The radroach is moderately wounded.
You feel very sick. You block the radroach's attack.
The radroach barely misses you.
You take 1 damage, and have 102/129 hp.
You slice the radroach!!
The radroach is almost dead.
You feel very sick.
You hear a faint skittering sound.
The radroach erupts in a fountain of uncontrolled magic!
You are blasted with magical radiation!!
You are very lightly contaminated with residual magic.
You take 26 damage, and have 76/129 hp.
MASSIVE DAMAGE!!
You are too injured to fight recklessly!
You are too injured to fight recklessly!
You are too injured to fight recklessly!
You barely miss the radroach.
The radroach is almost dead.
You feel sick.
The radroach erupts in a fountain of uncontrolled magic!
You are blasted with magical radiation!!
You are contaminated with residual magic.
The orb spider spins a strand of pure energy.
You take 29 damage, and have 47/129 hp.
MASSIVE DAMAGE!!
You slash the radroach! Your headbutt misses the radroach.
The radroach is almost dead.
You feel sick.
The orb spider pulsates with a strange energy.
The radroach erupts in a fountain of uncontrolled magic!
You are blasted with magical radiation!!
* * * LOW HITPOINT WARNING * * *
A demonic guardian appears!
You take 29 damage, and have 18/129 hp.
MASSIVE DAMAGE!!
You cut the radroach into ribbons!!!
You kill the radroach!
Trog accepts your kill.
You feel sick. The orb of destruction hits you!!!
You die...

#.........
..#........
..#.....^..
.......... ###
.......s.###..#
....s...3#...###
.......†....##.##
.......@...##^..#
..^...†☼...#.....
.........○.......#
...°.....☼.)......#
.(........○.......##
.......°°°○..†.....#
...........^......##
............#######
....>..............


You could see 2 orb spiders and a friendly smoke demon (summoned).

Vanquished Creatures
  Jorgrun (D:12)
  A tengu reaver (D:14)
  An orc warlord (Orc:2)
  3 reapers (IceCv)
  An ironbound preserver (D:14)
  A minotaur (Gauntlet)
  2 fire dragons (D:15)
  A death knight (D:15)
  A catoblepas (D:15)
  3 centaur warriors
  9 hydras
  A radroach (Spider:1)
  3 two-headed ogres
  Erica (D:9)
  3 boulder beetles
  4 orc high priests (Orc:2)
  Urug (D:10)
  6 tengu warriors
  Nergalle (Lair:1)
  3 thrashing horrors (Lair:5)
  2 skysharks
  9 skeletal warriors
  Lodul (D:10)
  3 glowing orange brains
  An orb spider (Spider:1)
  5 spriggan simulacra (IceCv)
  An obsidian statue (IceCv)
  Pikel (D:6)
  5 orc knights
  A lindwurm (Lair:4)
  A bog body (IceCv)
  A wizard (Volcano)
  A steelbarb worm (Spider:1)
  12 cyclopes
  5 deep elf pyromancers
  4 orc sorcerers (Orc:2)
  A wolf spider (Spider:1)
  2 manticores (D:15)
  16 ugly things
  A manticore (shapeshifter) (D:14)
  A salamander (Volcano)
  12 elephants
  6 molten gargoyles (Volcano)
  4 gargoyles
  9 cane toads
  Maggie (D:7)
  8 freezing wraiths
  2 kobold demonologists (D:11)
  Psyche (D:11)
  11 komodo dragons
  An unseen horror (D:12)
  2 rime drakes
  2 efreet (D:15)
  2 anaconda simulacra (IceCv)
  4 ice devils (IceCv)
  A tengu conjurer (D:15)
  4 ancient zymes (Lair:5)
  3 tarantellas (Spider:1)
  6 trolls
  3 large abominations
  3 meliai (D:14)
  A polar bear (Lair:4)
  Prince Ribbit (D:7)
  30 blink frogs
  16 dream sheep (Lair:5)
  2 hornets (D:7)
  10 slime creatures
  A centaur simulacrum (D:15)
  A culicivora (shapeshifter) (D:14)
  5 culicivoras
  A spriggan (Lair:5)
  3 shadows
  7 wyverns
  2 wraiths
  5 ynoxinuls
  10 basilisks
  54 yaks
  2 minotaur simulacra (IceCv)
  8 redbacks (Spider:1)
  2 steam dragons
  2 vampire mosquitoes (D:14)
  3 chaos spawn (Lair:5)
  A harpy simulacrum (IceCv)
  3 wargs (Orc:2)
  7 water moccasins
  2 hell hounds (Lair:5)
  3 acid dragons
  Duvessa (D:5)
  A sky beast (D:7)
  35 orc warriors
  A black bear (D:8)
  13 ogres
  A centaur (D:9)
  5 kobold brigands
  A phantom (D:6)
  6 small abominations (Lair:5)
  A lemure (D:6)
  A scorpion (D:5)
  7 bullfrogs
  A deep troll simulacrum (IceCv)
  7 wights (D:7)
  Dowan (D:5)
  A lindwurm simulacrum (IceCv)
  4 howler monkeys
  2 gnoll boudas
  3 hounds
  18 orc priests
  A jelly (Lair:4)
  2 iron imps (Gauntlet)
  A sleepcap (D:4)
  Jessica (D:3)
  6 hell rats (Lair:1)
  An iguana (D:4)
  24 orc wizards
  17 gnolls
  8 adders
  2 shadow imps
  A white imp (D:6)
  An ufetubus (D:7)
  2 worms
  5 dart slugs
  68 orcs
  8 bats
  16 endoplasms
  5 giant cockroaches
  4 goblins
  5 hobgoblins
  4 jackals
  49 kobolds
  5 quokkas
  12 ball pythons
  2 frilled lizards
  5 rats
  2 butterflies (Lair:4)
755 creatures vanquished.

Vanquished Creatures (collateral kills)
  A hydra (D:14)
  A catoblepas (D:14)
  A skeletal warrior (D:11)
  An ugly thing (D:14)
  2 elephants
  A cane toad (Lair:1)
  A komodo dragon (D:12)
  A freezing wraith (IceCv)
  An anaconda simulacrum (IceCv)
  A golden dragon simulacrum (IceCv)
  An efreet (D:14)
  An ice devil (IceCv)
  Grinder (D:6)
  2 blink frogs (Lair:5)
  A small abomination (Lair:5)
  4 yaks
  A vampire mosquito (D:14)
  A steam dragon (D:7)
  A sky beast (D:6)
  A black bear (D:7)
  An ogre (D:6)
  A kobold brigand (D:5)
  Blork the orc (D:6)
  A scorpion (D:5)
  A lindwurm simulacrum (IceCv)
  2 iguanas
  2 orc wizards
  2 worms (D:4)
  2 kobolds
38 creatures vanquished.

Grand Total: 793 creatures vanquished

Notes
Turn   | Place    | Note
-------+----------+-------------------------------------------
     0 | D:1      | Dirtsage the Demonspawn Berserker began the quest for the
                  | Orb.
     0 | D:1      | Reached XP level 1. HP: 18/18 MP: 1/1
    61 | D:1      | Reached skill level 3 in Axes
   115 | D:1      | Found a faded altar of an unknown god.
   182 | D:1      | Gained mutation: You regenerate a little health from kills.
                  | [demonic ancestry]
   182 | D:1      | Reached XP level 2. HP: 19/24 MP: 2/2
  1363 | D:2      | Gained mutation: You are partially covered in large bone
                  | plates. (SH +4) [demonic ancestry]
  1363 | D:2      | Reached XP level 3. HP: 16/29 MP: 3/3
  1432 | D:2      | Reached skill level 4 in Axes
  1501 | D:2      | Found a shimmering altar of Xom.
  1601 | D:2      | Reached ** piety under Trog
  2120 | D:2      | Gained mutation: You regenerate health from kills. [demonic
                  | ancestry]
  2120 | D:2      | Reached XP level 4. HP: 27/35 MP: 4/4
  2298 | D:3      | Noticed Jessica
  2306 | D:3      | Killed Jessica
  2643 | D:3      | Reached skill level 5 in Axes
  3011 | D:4      | Gained mutation: A weak demonic guardian rushes to your
                  | aid. [demonic ancestry]
  3011 | D:4      | Reached XP level 5. HP: 41/41 MP: 5/5
  3060 | D:4      | Found Finnog's Distillery.
  3080 | D:4      | Bought a potion of heal wounds for 60 gold pieces
  3080 | D:4      | Bought a potion of curing for 36 gold pieces
  3187 | D:4      | Reached skill level 6 in Axes
  3361 | D:4      | Found a broken altar of Ashenzari.
  3421 | D:4      | Reached XP level 6. HP: 37/47 MP: 6/6
  3518 | D:4      | Reached *** piety under Trog
  3526 | D:4      | Found a glowing drain.
  3534 | Sewer    | Entered a sewer
  3590 | Sewer    | Noticed a water moccasin
  3602 | Sewer    | Killed a water moccasin
  3603 | Sewer    | Reached skill level 7 in Axes
  3905 | D:4      | Gained mutation: A demonic guardian rushes to your aid.
                  | [demonic ancestry]
  3905 | D:4      | Reached XP level 7. HP: 52/52 MP: 7/7
  4014 | D:5      | Entered Level 5 of the Dungeon
  4266 | D:5      | Reached skill level 8 in Axes
  4435 | D:5      | Noticed Duvessa
  4435 | D:5      | Noticed Dowan
  4441 | D:5      | Killed Duvessa
  4448 | D:5      | Killed Dowan
  4676 | D:5      | Reached skill level 9 in Axes
  4676 | D:5      | Reached XP level 8. HP: 56/58 MP: 8/8
  5348 | D:5      | Found a staircase to the Ecumenical Temple.
  5362 | Temple   | Entered the Ecumenical Temple
  5797 | D:6      | Found Tutiros's Book Emporium.
  5868 | D:6      | Reached skill level 10 in Axes
  5909 | D:6      | Noticed Grinder
  5916 | D:6      | Killed Grinder
  5921 | D:6      | Noticed Blork the orc
  5925 | D:6      | Killed Blork the orc
  5926 | D:6      | Reached skill level 11 in Axes
  6162 | D:6      | Noticed Pikel
  6213 | D:6      | Killed Pikel
  6214 | D:6      | Gained mutation: You are mostly covered in large bone
                  | plates. (SH +6) [demonic ancestry]
  6214 | D:6      | Reached XP level 9. HP: 52/63 MP: 9/9
  6432 | D:6      | Reached skill level 12 in Axes
  6847 | D:7      | Reached **** piety under Trog
  6861 | D:7      | Reached skill level 1 in Evocations
  7044 | D:7      | Noticed Maggie
  7123 | D:7      | Found a hide-covered altar of Uskayaw.
  7376 | D:7      | Killed Maggie
  7377 | D:7      | Gained mutation: You have a pair of small horns on your
                  | head. [demonic ancestry]
  7377 | D:7      | Reached XP level 10. HP: 70/73 MP: 10/10
  7438 | D:7      | Noticed Prince Ribbit
  7446 | D:7      | Killed Prince Ribbit
  7953 | D:8      | Found Abacab's Armour Shop.
  7961 | D:8      | Bought a +2 pair of gloves for 214 gold pieces
  7973 | D:8      | Noticed a two-headed ogre
  7984 | D:8      | Killed a two-headed ogre
  7985 | D:8      | Reached skill level 5 in Fighting
  8837 | D:8      | Found a shimmering blue altar of Sif Muna.
  9277 | D:9      | Found a shadowy altar of Dithmenos.
  9372 | D:9      | Found a stormy altar of Qazlal.
  9382 | D:9      | Reached skill level 5 in Armour
  9502 | D:9      | Noticed Erica
  9514 | D:9      | Killed Erica
  9515 | D:9      | Reached skill level 13 in Axes
  9515 | D:9      | Reached skill level 5 in Evocations
  9937 | D:9      | Found a blossoming altar of Fedhas.
 10023 | D:10     | Entered Level 10 of the Dungeon
 10028 | D:10     | Reached XP level 11. HP: 79/82 MP: 11/11
 10061 | D:10     | Found a shimmering altar of Xom.
 10135 | D:10     | Reached ***** piety under Trog
 10168 | D:10     | Found Jeyss's Distillery.
 10175 | D:10     | Bought a potion of attraction for 30 gold pieces
 10175 | D:10     | Bought a potion of might for 40 gold pieces
 10175 | D:10     | Bought a potion of enlightenment for 50 gold pieces
 10175 | D:10     | Bought a potion of cancellation for 80 gold pieces
 10191 | D:10     | Noticed Urug
 10200 | D:10     | Killed Urug
 10254 | D:10     | Noticed Lodul
 10268 | D:10     | Killed Lodul
 10313 | D:10     | Found a flagged portal.
 10330 | Bailey   | Entered a bailey
 10439 | Bailey   | Noticed an orc knight
 10455 | Bailey   | Killed an orc knight
 10529 | Bailey   | Found a large runed translucent door.
 10529 | Bailey   | Found a large runed translucent door.
 10530 | Bailey   | Noticed a deep elf pyromancer
 10618 | Bailey   | Killed a deep elf pyromancer
 10640 | Bailey   | Identified the +1 storm dragon scales "Wucib" {+Blink rElec
                  | rC+ Int+2}
 10644 | Bailey   | Identified the +1 chain mail of Freedom {rPois Stlth+}
 10746 | D:10     | Identified the +0 falchion "Goed" {flame, Dex+2}
 10986 | D:11     | Noticed a skeletal warrior
 10986 | D:11     | Noticed a skeletal warrior
 10986 | D:11     | Noticed a skeletal warrior
 10986 | D:11     | Noticed a skeletal warrior
 10986 | D:11     | Noticed a skeletal warrior
 11007 | D:11     | Noticed Psyche
 11017 | D:11     | Killed Psyche
 11372 | D:11     | Killed a skeletal warrior
 11373 | D:11     | Reached XP level 12. HP: 92/92 MP: 12/12
 11448 | D:11     | Reached skill level 14 in Axes
 11567 | D:11     | Found a staircase to the Lair.
 11818 | Lair:1   | Entered Level 1 of the Lair of Beasts
 11819 | Lair:1   | Noticed an eight-headed hydra
 11827 | Lair:1   | Killed an 11-headed hydra
 11948 | Lair:1   | Noticed Nergalle
 11955 | Lair:1   | Killed Nergalle
 12592 | Lair:2   | Found a blossoming altar of Fedhas.
 12732 | Lair:2   | Gained mutation: You have a pair of horns on your head.
                  | [demonic ancestry]
 12732 | Lair:2   | Reached XP level 13. HP: 103/103 MP: 13/13
 12911 | Lair:2   | Found a staircase to the Shoals.
 12979 | Lair:2   | Reached skill level 10 in Fighting
 13476 | Lair:3   | Found a hole to the Spider Nest.
 14104 | Lair:4   | Found a runed translucent door.
 14109 | Lair:4   | Found a staircase to the Slime Pits.
 14119 | Lair:4   | Received a gift from Trog
 14348 | Lair:4   | Reached skill level 15 in Axes
 15118 | Lair:5   | Entered Level 5 of the Lair of Beasts
 15261 | Lair:5   | Found a dark tunnel.
 15284 | Volcano  | Entered a volcano
 15540 | Volcano  | Noticed an orb of fire
 15552 | Volcano  | Gained mutation: You have a pair of large horns on your
                  | head. [demonic ancestry]
 15552 | Volcano  | Reached XP level 14. HP: 81/113 MP: 14/14
 15612 | Volcano  | Reached skill level 10 in Armour
 15661 | Volcano  | Noticed an orb of fire
 15919 | Lair:5   | Reached skill level 5 in Dodging
 16429 | Lair:5   | Upgraded the game from 0.31-a0-66-ge618eeaa78 to
                  | 0.31-a0-95-g6fa058ef04
 16440 | Lair:5   | Reached skill level 1 in Shields
 16502 | Lair:5   | Received a gift from Trog
 16677 | Abyss:1  | Cast into level 1 of the Abyss (spriggan)
 16694 | Abyss:1  | Noticed an Executioner
 16728 | Abyss:1  | Found a corrupted altar of Lugonu.
 16734 | Lair:5   | Escaped the Abyss
 17078 | Lair:5   | Found a corrupted altar of Lugonu.
 17078 | Lair:5   | Found a one-way gate to the infinite horrors of the Abyss.
 17087 | Lair:5   | Identified the +3 dagger of Kismet {heavy, rPois rN+ Str-2}
 17313 | D:12     | Noticed Jorgrun
 17333 | D:12     | Killed Jorgrun
 17551 | D:12     | Found a staircase to the Orcish Mines.
 17880 | Orc:1    | Entered Level 1 of the Orcish Mines
 18005 | Orc:2    | Entered Level 2 of the Orcish Mines
 18159 | Orc:2    | Noticed an orc warlord
 18209 | Orc:2    | Killed an orc warlord
 18213 | Orc:2    | Reached XP level 15. HP: 122/122 MP: 15/15
 18309 | Orc:2    | Reached ****** piety under Trog
 18348 | Orc:2    | Received a gift from Trog
 18362 | Orc:2    | Reached skill level 5 in Shields
 18526 | Orc:2    | Found a staircase to the Elven Halls.
 18825 | Orc:2    | Found Viunn's Antique Armour Boutique.
 18826 | Orc:2    | Found Nioc's Antique Weapon Boutique.
 18828 | Orc:2    | Found Guifer's General Store.
 18828 | Orc:2    | Found Ussoex's Jewellery Shop.
 18833 | Orc:2    | Bought a scroll of identify for 22 gold pieces
 18833 | Orc:2    | Bought 3 scrolls of identify for 66 gold pieces
 18843 | Orc:2    | Bought a pair of dazzling gloves for 247 gold pieces
 18843 | Orc:2    | Identified the +0 pair of gloves of the Sky {Dex+3 Stlth+}
                  | (You bought it in a shop on level 2 of the Orcish Mines)
 18846 | Orc:2    | Bought a dazzling broad axe for 234 gold pieces
 18846 | Orc:2    | Identified the +5 broad axe of Causality {pain, Dex+4} (You
                  | bought it in a shop on level 2 of the Orcish Mines)
 19350 | D:13     | Found Jumyqaeb's Armour Boutique.
 19456 | D:13     | Found a gate leading to a gauntlet.
 19465 | Gauntlet | Entered a Gauntlet
 19465 | Gauntlet | Found a transporter.
 19465 | Gauntlet | Found a transporter.
 19467 | Gauntlet | Found a transporter.
 19467 | Gauntlet | Found a transporter.
 19470 | Gauntlet | Found a transporter.
 19472 | Gauntlet | Found a large runed translucent door.
 19472 | Gauntlet | Found a large runed translucent door.
 19473 | Gauntlet | Found a large runed translucent door.
 19473 | Gauntlet | Found a large runed translucent door.
 19474 | Gauntlet | Found a large runed translucent door.
 19474 | Gauntlet | Found a large runed translucent door.
 19474 | Gauntlet | Found a runed translucent door.
 19474 | Gauntlet | Found a runed translucent door.
 19509 | Gauntlet | Found a large runed translucent door.
 19509 | Gauntlet | Found a large runed translucent door.
 19509 | Gauntlet | Found a large runed translucent door.
 19509 | Gauntlet | Found a large runed translucent door.
 19510 | Gauntlet | Found a runed translucent gate.
 19511 | Gauntlet | Found a runed translucent gate.
 19511 | Gauntlet | Found a transporter.
 19512 | Gauntlet | Found a runed translucent gate.
 19514 | Gauntlet | Found a transporter.
 19514 | Gauntlet | Found a transporter.
 19527 | Gauntlet | Found a transporter.
 19543 | Gauntlet | Found a transporter.
 19553 | Gauntlet | Found a transporter.
 19570 | Gauntlet | Found a transporter.
 19578 | Gauntlet | Found a large runed translucent door.
 19579 | Gauntlet | Found a large runed translucent door.
 19579 | Gauntlet | Found a large runed translucent door.
 19580 | Gauntlet | Found a large runed translucent door.
 19580 | Gauntlet | Found a large runed translucent door.
 19580 | Gauntlet | Found a large runed translucent door.
 19588 | Gauntlet | Found a transporter.
 19602 | Gauntlet | Found a transporter.
 19683 | Gauntlet | Identified the +0 pair of boots "Areucibo" {Slay+5}
 21139 | D:14     | Saving game... please wait.
 21139 | D:14     | Upgraded the game from 0.31-a0-95-g6fa058ef04 to
                  | 0.31-a0-145-g046c7d2549
 21289 | D:14     | Found a runed translucent door.
 21420 | D:14     | Received a gift from Trog
 21571 | D:14     | Found a gate to the Vaults.
 22014 | D:14     | Reached skill level 16 in Axes
 22050 | D:14     | Noticed a tengu reaver
 22057 | D:14     | Killed a tengu reaver
 22241 | D:15     | Entered Level 15 of the Dungeon
 22508 | D:15     | Found a frozen archway.
 22520 | IceCv    | Entered an ice cave
 22535 | IceCv    | Reached XP level 16. HP: 129/129 MP: 16/16
 22547 | IceCv    | Reached skill level 10 in Shields
 22793 | IceCv    | Identified the ring of Gaonlol {rC+ Str+3}
 23497 | D:15     | Found a staircase to the Depths.
 24055 | Spider:1 | Entered Level 1 of the Spider Nest
 24117 | Spider:1 | Blown up by an orb spider

Illustrated notes

Levels and vault maps discovered:
D:1:      wheals_arrival_linesprint, layout_loops_corners,
          hellmonk_ecumenical_altar_defaced_shrine, chequers_mini_garden
D:2:      layout_basic, basic_altar, minmay_stone_trees_small, st_stairs_9,
          hex_large
D:3:      layout_basic, kennysheep_big_empty_room, dk_noncrumbling_4,
          uniq_jessica
D:4:      layout_rooms, lemuel_doored_altar, serial_shops,
          nicolae_shop_statue_plus, cheibrodos_sewer_entry_bend,
          minmay_misc_feat_rows
D:5:      minmay_goblin_kobold_castle, layout_basic, temple_hall, uniq_duvessa
D:6:      layout_basic, serial_shops, nicolae_stop_n_shop_2, uniq_grinder,
          uniq_pikel, uniq_blork_the_orc
D:7:      layout_loops_cross, nicolae_uskayaw_dance_studio, st_stairs_4,
          uniq_prince_ribbit1, uniq_maggie
D:8:      layout_layer_cave, lemuel_blue_sif_altar, serial_shops, shop
D:9:      layout_roguey, grunt_qazlal_sundering, amcnicky_altar_gilded,
          mainiacjoe_overflow_swirl, uniq_erica
D:10:     layout_cave_pools, general_overflow_altar,
          mainiacjoe_overflow_catwalk, enter_bailey_2, serial_shops, shop,
          uniq_lodul, uniq_urug
D:11:     layout_small_grid, lair_entry_dummy, uniq_psyche
D:12:     layout_cave_pools, minmay_orc_entry_temple_small,
          kennysheep_generic_room_3, uniq_jorgrun
D:13:     layout_grid_maze, gauntlet_entry_generic, roderic_lattice_a,
          nrook_campfire, nicolae_stop_n_shop_1
D:14:     layout_layer_cave, skrybe_vaults_entry_preservation, lightli_airlock
D:15:     grunt_enter_depths_hoard, layout_cave_pools,
          portal_ice_cave_entry_pillars_three, minmay_misc_feat_iff,
          grunt_potential
Temple:   dshaligram_water_room_temple
Lair:1:   layout_hall_layers, uniq_nergalle
Lair:2:   layout_long_grid, elwin_shoals_entry_rocks, st_stairs_9,
          serial_bayou_pond_d, tgw_fedhas
Lair:3:   layout_misc_corridors, hellmonk_spider_entry_life_and_decay,
          st_stairs_12, beast_lair_carwin_5
Lair:4:   layout_cave_pods, slime_entry_2, grunt_forest_small_clearing_treed,
          infiniplex_staircase_pool_2, grunt_megastairs_3, lemuel_fruit_fields
Lair:5:   hellmonk_lair_end_abyssal_woods, layout_cave_shapes, enter_volcano_3,
          columned_hall_lemuel
Spider:1: layout_spider_delve
Orc:1:    layout_caves
Orc:2:    st_orc_congregation, layout_diamond_mine

Skill      XL: |  1  2  3  4  5  6  7  8  9 10 11 12 13 14 15 16 |
---------------+-------------------------------------------------+-----
Axes           | 3 4 5 6 7 9 11 12 13 14 15 16 | 16.0
Armour         | 3 5 7 8 9 11 | 11.7
Evocations     | 3 5 7 9 |  9.5
Fighting       | 4 6 8 9 11 12 | 12.9
Dodging        | 4 7 |  7.8
Shields        | 4 9 12 | 12.1

Action                     |  1- 3 |  4- 6 |  7- 9 | 10-12 | 13-15 | 16-18 || total
---------------------------+-------+-------+-------+-------+-------+-------++-------
  Melee: Hand axe          |   136 |   194 |   449 |       |       |       ||   779
         Punch             |     1 |     3 |    10 |       |     3 |       ||    17
         Battleaxe         |       |       |     4 |   390 |   235 |       ||   629
         Headbutt          |       |       |       |    81 |   219 |    32 ||   332
         War axe           |       |       |       |       |   660 |   145 ||   805
         Executioner's axe |       |       |       |       |    15 |       ||    15
 Invoke: Berserk           |     3 |     5 |    13 |    14 |    22 |     4 ||    61
         Trog's Hand       |       |       |       |     2 |     2 |       ||     4
         Brothers in Arms  |       |       |       |     1 |     2 |       ||     3
  Evoke: Wand              |       |       |       |       |     4 |       ||     4
    Use: Scroll            |       |       |       |     8 |    16 |       ||    24
   Stab: Sleeping          |     1 |       |       |       |       |       ||     1
         Distracted        |       |       |       |       |     2 |       ||     2
         Petrified         |       |       |       |       |     1 |       ||     1
 Armour: Animal skin       |    14 |       |       |       |       |       ||    14
         Leather armour    |     6 |       |       |       |       |       ||     6
         Ring mail         |    14 |    22 |       |       |       |       ||    36
         Chain mail        |       |    47 |   154 |   234 |   331 |       ||   766
         Skin              |       |       |       |    14 |       |       ||    14
         Storm dragon scal |       |       |       |       |   241 |    58 ||   299
  Dodge: Dodged            |   103 |    88 |   137 |   172 |   373 |    60 ||   933
  Block: Other             |    15 |    24 |    70 |   118 |   209 |       ||   436
         Kite shield       |       |       |       |       |   191 |   185 ||   376
         Reflection        |       |       |       |       |     4 |     6 ||    10

Table legend: (Time is in decaauts)
 A = Elapsed time spent in this place.
 B = Non-inter-level travel time spent in this place.
 C = Inter-level travel time spent in this place.
 D = Time resting spent in this place.
 E = Time spent auto-exploring this place.
 F = Levels seen in this place.
 G = Mean time per level.
                   A        B        C        D        E       F      G
               +--------+--------+--------+--------+--------+-----+--------+
         Total |  24690 |  23597 |   1093 |   2892 |  15556 |  30 |  823.0 |
       Dungeon |  15753 |  15144 |    609 |   1761 |  10651 |  15 | 1050.2 |
        Temple |    132 |    110 |     22 |      0 |    100 |   1 |  132.0 |
          Lair |   4998 |   4706 |    292 |    548 |   3190 |   5 |  999.6 |
   Spider Nest |     66 |     66 |      0 |      0 |      6 |   1 |   66.0 |
  Orcish Mines |   1435 |   1267 |    168 |      7 |    862 |   2 |  717.5 |
         Abyss |     56 |     56 |      0 |      0 |     44 |   1 |   56.0 |
         Sewer |    246 |    246 |      0 |    111 |     83 |   1 |  246.0 |
        Bailey |    414 |    414 |      0 |     76 |    127 |   1 |  414.0 |
      Ice Cave |    634 |    634 |      0 |    178 |    276 |   1 |  634.0 |
       Volcano |    581 |    581 |      0 |    166 |    204 |   1 |  581.0 |
      Gauntlet |    371 |    371 |      0 |     42 |     11 |   1 |  371.0 |
               +--------+--------+--------+--------+--------+-----+--------+

Top non-repeatable levels by time:
    D:14: 1791 daAuts
     D:5: 1677 daAuts
  Lair:5: 1533 daAuts
     D:1: 1292 daAuts
     D:8: 1281 daAuts
  Lair:4: 1138 daAuts
    D:15: 1124 daAuts
     D:7: 1123 daAuts
   Orc:2: 1091 daAuts
     D:2: 1027 daAuts
     D:6: 1017 daAuts
    D:11: 881 daAuts
    D:13: 874 daAuts
  Lair:3: 844 daAuts
     D:4: 841 daAuts
